 Dungeon Crawl Stone Soup version 0.27-a0-1202-ge72e49191c (webtiles) character file.

Game seed: 5938153589907713474

224 mordus the Firebug (level 5, 0/31 (38) HPs)
             Began as a Draconian Fire Elementalist on June 4, 2021.
             Was an Initiate of Vehumet.
             Slain by an orc
             ... wielding a +1 dagger of draining
              (2 damage)
             ... on level 4 of the Dungeon.
             The game lasted 00:14:59 (3548 turns).

mordus the Firebug (Draconian Fire Elementalist)    Turns: 3548, Time: 00:15:00

HP:   0/31 (38)     AC:  5    Str: 11    XL:     5   Next: 67%
MP:   0/9           EV: 12    Int: 16    God:    Vehumet [......]
Gold: 74            SH:  0    Dex: 11    Spells: 0/10 levels left

rFire    . . .     SeeInvis .   d - +1 dagger
rCold    . . .     Faith    .   (no shield)
rNeg     . . .     Spirit   .   (armour unavailable)
rPois    .         Reflect  .   (helmet restricted)
rElec    .         Harm     .   (no cloak)
rCorr    .         Rampage  .   (no gloves)
Will     .....                  (no boots)
Stlth    ++........             (no amulet)
HPRegen  0.10/turn              (no ring)
MPRegen  0.11/turn              (no ring)

@: heavily drained
A: AC +5, unfitting armour, cold-blooded
a: Renounce Religion


You were on level 4 of the Dungeon.
You worshipped Vehumet.
Vehumet was noncommittal.
You visited 1 branch of the dungeon, and saw 4 of its levels.
You also visited: Sewer.

You collected 74 gold pieces.

Inventory:

Hand Weapons
 d - a +1 dagger (weapon)
Missiles
 h - 2 datura-tipped darts
Scrolls
 a - 2 scrolls of enchant weapon
 b - a scroll of identify
 c - a scroll of summoning {unknown}
 g - 2 scrolls of fog {unknown}
 l - a scroll of vulnerability {unknown}
Potions
 e - 2 potions of brilliance
 f - a potion of mutation {unknown}
 i - a potion of curing {unknown}
 j - a potion of attraction {unknown}
Miscellaneous
 k - a phial of floods


   Skills:
 - Level 1.9 Dodging
 - Level 1.9 Stealth
 + Level 3.2 Spellcasting
 + Level 2.5 Conjurations
 * Level 5.0 Fire Magic


You couldn't memorise any spells.
You knew the following spells:

 Your Spells              Type           Power      Damage    Failure   Level
a - Foxfire               Conj/Fire      56%        2x1d6     3%          1
b - Magic Dart            Conj           40%        1d5       6%          1
c - Conjure Flame         Conj/Fire      14%        6-21      12%         3
d - Searing Ray           Conj           20%        3d3       10%         2
e - Mephitic Cloud        Conj/Pois/Air  5%         N/A       36%         3

Your spell library contained the following spells:

 Spells                   Type           Power      Damage    Failure   Level
 Inner Flame              Hex/Fire       10%        N/A       19%         3
 Blink                    Tloc           N/A        N/A       28%         2
 Call Imp                 Summ           2%         N/A       28%         2
 Slow                     Hex            2%         N/A       28%         2
 Dazzling Flash           Conj/Hex       12%        N/A       32%         3
 Sticky Flame             Conj/Fire      14%        2d4       36%         4
 Fulminant Prism          Conj/Hex       3%         3d6       71%         4
 Iskenderun's Mystic Bla  Conj/Tloc      6%         2d4       71%         4
 Fireball                 Conj/Fire      7%         3d5       71%         5


Dungeon Overview and Level Annotations

Branches:
Dungeon (4/15)              Sewer (visited)
 Temple: D:4-7

Altars:
Ashenzari
Gozag
Okawaru
Sif Muna
Trog
Vehumet

Shops:
D:3 *


Innate Abilities, Weirdness & Mutations

Your plain brown scales are hard. (AC +5)
You cannot fit into any form of body armour.
You are cold-blooded and may be slowed by cold attacks.


Message History

Vehumet accepts your kill.
The searing ray hits the orc but does no damage.
The orc is heavily wounded. (Press . to maintain the ray.)
The foxfire hits something. x2; The hound misses you.
Something hits you.
The orc throws a boomerang.
The boomerang hits you.
* * * LOW HITPOINT WARNING * * *
The orc barely misses you.
Without enough magic to sustain it, your searing ray dissipates.
The hound closely misses you.
You hear some strange, mumbled words.
Something tries to affect you, but you resist.
The orc closely misses you. The hound bites you.
* * * LOW HITPOINT WARNING * * *
The orc misses you.
The hound pauses to sniff the ground.
The hound barely misses you. Something hits you but does no damage.
The orc hits you but does no damage.
You feel drained. The orc hits you but does no damage.
Casting: Searing Ray (safe; 10% risk of failure)
Confirm with . or Enter, or press ? or * to list all spells.
You conjure some foxfire!
The hound completely misses you. Something hits you.
* * * LOW HITPOINT WARNING * * *
The hound bites you but does no damage. The orc hits you but does no damage.
The foxfire hits something.
The foxfire hits the orc.
The orc is heavily wounded.
The orc hits you with a +1 dagger of draining.
* * * LOW HITPOINT WARNING * * *
You feel drained.
As you read the scroll labelled XEMUAGUEZE, it crumbles to dust.
It is a scroll of enchant weapon.
Your +0 dagger glows red for a moment.
The hound bites you but does no damage. x2
As you read the scroll labelled OGGIGUAMNA, it crumbles to dust.
It is a scroll of identify.
e - 2 potions of brilliance The hound completely misses you.
The orc hits you with a +1 dagger of draining.
* * * LOW HITPOINT WARNING * * *
You feel drained.
You die...

........#....##
##....>.##..##
#........##.###
..#.s....#....#
..............#
........###...####
.......###.....go#
.#....## #.....ho#
##....# #.....o.@#
.......#.......###
######.#....#.##
......### ......
....


You could see a hound, 3 orcs and a hobgoblin.

Vanquished Creatures
  A bullfrog (Sewer)
  An iguana (D:3)
  5 adders
  An ufetubus (D:4)
  3 dart slugs
  5 endoplasms
  8 giant cockroaches
  4 goblins
  8 hobgoblins
  4 jackals (D:2)
  5 kobolds
  6 quokkas
  12 ball pythons
  A ball python skeleton (D:2)
  3 bats
  4 frilled lizards
  2 giant cockroach zombies (D:2)
  3 quokka skeletons (D:2)
  5 rats
81 creatures vanquished.

Vanquished Creatures (others)
  205 foxfires
  A fungus (D:4)
206 creatures vanquished.

Grand Total: 287 creatures vanquished

Notes
Turn   | Place    | Note
-------+----------+-------------------------------------------
     0 | D:1      | mordus the Draconian Fire Elementalist began the quest for
                  | the Orb.
     0 | D:1      | Reached XP level 1. HP: 14/14 MP: 3/3
   151 | D:1      | Reached XP level 2. HP: 20/20 MP: 3/5
  1255 | D:2      | Reached XP level 3. HP: 26/26 MP: 2/6
  1307 | D:2      | Found an iron altar of Okawaru.
  1827 | D:2      | Reached skill level 4 in Fire Magic
  2056 | D:3      | Found a radiant altar of Vehumet.
  2068 | D:3      | Reached XP level 4. HP: 20/33 MP: 3/7
  2148 | D:3      | Became a worshipper of Vehumet
  2277 | D:3      | Found Gozag's Platinum Reserve.
  2285 | D:3      | Found an opulent altar of Gozag.
  2286 | D:3      | Found a bloodstained altar of Trog.
  2451 | D:3      | Found a glowing drain.
  2569 | Sewer    | Entered a sewer
  2662 | Sewer    | Reached XP level 5. HP: 37/38 MP: 4/9
  3130 | Sewer    | Reached skill level 5 in Fire Magic
  3238 | D:3      | Found a faded altar of an unknown god.
  3259 | D:3      | Found a broken altar of Ashenzari.
  3462 | D:4      | Found a shimmering blue altar of Sif Muna.
  3488 | D:4      | Learned a level 1 spell: Magic Dart
  3492 | D:4      | Learned a level 3 spell: Conjure Flame
  3495 | D:4      | Learned a level 2 spell: Searing Ray
  3499 | D:4      | Learned a level 3 spell: Mephitic Cloud
  3548 | D:4      | Slain by an orc

Illustrated notes

Levels and vault maps discovered:
D:1:      lemuel_arrival_lava_pool, layout_loops_corners
D:2:      layout_rooms, basic_altar, serial_undead, serial_undead_c,
          serial_undead_f, serial_undead_d, serial_undead_d
D:3:      layout_rooms, nicolae_gozag_zags_fifth_avenue, bloody_trog,
          lemuel_tele_altar, general_overflow_altar, basic_ecumenical_altar,
          portal_sewer_entry_f
D:4:      layout_cave_pools, nicolae_sif_muna_condensation,
          nemelex_spade_bored_becter, overflow_temple_1_default, serial_shops,
          shop_fountains, shop, uniq_natasha, uniq_sigmund,
          uniq_crazy_yiuf_cottage

Skill      XL: |  1  2  3  4  5 |
---------------+----------------+-----
Fire Magic     | 4 5 |  5.0
Conjurations   | 2 |  2.5
Spellcasting   | 3 |  3.2
Dodging        | |  1.9
Stealth        | |  1.9

Action                   |  1- 3 |  4- 6 || total
-------------------------+-------+-------++-------
Melee: Dagger            |    34 |    24 ||    58
       Unarmed           |     2 |       ||     2
       Tailslap          |     2 |       ||     2
 Cast: Foxfire           |    74 |    46 ||   120
       Searing Ray       |       |     1 ||     1
  Use: Scroll            |       |     2 ||     2
Armor: Skin              |    16 |    36 ||    52
Dodge: Dodged            |    40 |    62 ||   102

Table legend: (Time is in decaauts)
 A = Elapsed time spent in this place.
 B = Non-inter-level travel time spent in this place.
 C = Inter-level travel time spent in this place.
 D = Time resting spent in this place.
 E = Time spent auto-exploring this place.
 F = Levels seen in this place.
 G = Mean time per level.
                   A        B        C        D        E       F      G
               +--------+--------+--------+--------+--------+-----+--------+
         Total |   3606 |   3514 |     92 |    473 |   2276 |   5 |  721.2 |
       Dungeon |   2970 |   2878 |     92 |    176 |   2133 |   4 |  742.5 |
         Sewer |    636 |    636 |      0 |    297 |    143 |   1 |  636.0 |
               +--------+--------+--------+--------+--------+-----+--------+

Top non-repeatable levels by time:
     D:1: 1245 daAuts
     D:3: 866 daAuts
     D:2: 772 daAuts
   Sewer: 636 daAuts
     D:4: 85 daAuts
